 Dungeon Crawl Stone Soup version 0.27-a0-1193-g8631133539 (webtiles) character file.

Game seed: 2962159011484883501

88 Aggronaut the Unweaver (level 4, -4/35 HPs)
             Began as a Demonspawn Abyssal Knight on May 25, 2021.
             Was a Follower of Lugonu.
             Killed by nerve-wracking pain
             ... invoked by Grinder
              (11 damage)
             ... on level 3 of the Dungeon.
             The game lasted 00:04:28 (3196 turns).

Aggronaut the Unweaver (Demonspawn Abyssal Knight)  Turns: 3196, Time: 00:04:29

Health: -4/35      AC:  6    Str: 13    XL:     4   Next: 30%
Magic:  7/7        EV: 11    Int: 13    God:    Lugonu [*.....]
Gold:   115        SH:  0    Dex: 13    Spells: 3/3 levels left

rFire    . . .     SeeInvis .   a - +1 mace
rCold    . . .     Faith    .   (no shield)
rNeg     . . .     Spirit   .   b - +0 leather armour
rPois    .         Reflect  .   (no helmet)
rElec    .         Harm     .   e - +0 cloak
rCorr    .         Rampage  .   (no gloves)
Will     .....                  (no boots)
Stlth    +.........             (no amulet)
HPRegen  0.11/turn              (no ring)
MPRegen  0.10/turn              (no ring)

@: no status effects
A: slimy green scales 1
a: Renounce Religion, Depart the Abyss


You were on level 3 of the Dungeon.
You worshipped Lugonu.
Lugonu was aware of your devotion.
You visited 1 branch of the dungeon, and saw 3 of its levels.
You visited the Abyss 1 time.

You collected 115 gold pieces.

Inventory:

Hand Weapons
 a - a +1 mace (weapon)
Missiles
 d - 7 poisoned darts
Armour
 b - a +0 leather armour (worn)
 e - a +0 cloak (worn)
Jewellery
 j - a ring of wizardry
Scrolls
 f - a scroll of immolation {unknown}
 g - a scroll of identify {unknown}
 h - a scroll of amnesia
 k - a scroll of fear {unknown}
 l - a scroll of teleportation {unknown}
 n - a scroll of blinking {unknown}
Potions
 m - a potion of attraction {unknown}


   Skills:
 - Level 3.0 Fighting
 + Level 2.7 Maces & Flails
 - Level 1.7 Armour
 - Level 0.8 Dodging
 * Level 5.1 Invocations


You had 3 spell levels left.
You didn't know any spells.
Your spell library contained the following spells:

 Spells                   Type           Power      Damage    Failure   Level
 Confusing Touch          Hex            0%         N/A       75%         3
 Gell's Gravitas          Tloc           0%         N/A       75%         3
 Petrify                  Tmut/Erth      0%         N/A       98%         4
 Metabolic Englaciation   Hex/Ice        0%         N/A       100%        5
 Yara's Violent Unravell  Hex/Tmut       0%         3d3       100%        5


Dungeon Overview and Level Annotations

Branches:
Dungeon (3/15)

Altars:

Annotations:
D:3 Grinder


Innate Abilities, Weirdness & Mutations

You are partially covered in slimy green scales. (AC +2)


Message History

Grinder blinks!
Found a dagger.
Found 13 arrows.
Your extra speed is starting to run out.
You feel yourself slow down.
There is a stone staircase leading up here.
You climb upwards.
There is a stone staircase leading down here.
You start resting.
You feel a little less clever now.
You start resting.
HP restored.
You climb downwards.
Level annotation: Grinder The adder bites you but does no damage.
The adder bites you.
You are poisoned.
The adder poisons you!
There is a stone staircase leading up here.
You miss the adder.
You feel sick. The adder bites you.
You barely miss the adder.
You feel sick. The adder misses you.
Grinder blinks!
The adder barely misses you.
You closely miss the adder.
You feel sick. The adder closely misses you. x2
You hit the adder.
The adder is moderately wounded.
You feel sick. The adder bites you but does no damage.
You sock the adder!
You kill the adder!
Lugonu accepts your kill.
You feel sick.
You are no longer poisoned.
Grinder is nearby!
Grinder gestures at you. Pain shoots through your body!
Grinder says, "I used to sell toenails on the black market."
Grinder gestures at you. Pain shoots through your body!
* * * LOW HITPOINT WARNING * * *
Grinder gestures at you. Pain shoots through your body!
You die...

...............#.............####
...................... ......#...
.........#......#+##.# ##....#...
.†.......#..###....#.#.##........
.........#..##.......#.#.........
##.......##.##...................
.............#.......###.........
.........###.##+#................
.........##.....@.....#..........
.........##......<..5.#.###.#.#..
.........##...........#.###...#..
..........##|.........+.#........
..........##..........###........
..........##.....................
.........####.#.###...#..........
.........# #.#.......#.....#....
.........####.........#.....#....


You could see Grinder.

Vanquished Creatures
  5 adders
  A worm (D:2)
  6 ball pythons
  5 endoplasms
  3 giant cockroaches (D:2)
  2 goblins
  5 hobgoblins
  4 kobolds
  A quokka (D:1)
  3 bats
  2 frilled lizards (D:1)
  3 rats
40 creatures vanquished.

Vanquished Creatures (others)
  3 plants (D:2)
3 creatures vanquished.

Grand Total: 43 creatures vanquished

Notes
Turn   | Place    | Note
-------+----------+-------------------------------------------
     0 | Abyss:1  | Aggronaut the Demonspawn Abyssal Knight began the quest for
                  | the Orb.
     0 | Abyss:1  | Reached XP level 1. HP: 18/18 MP: 2/2
    44 | Abyss:1  | Noticed an eye of devastation
    45 | D:1      | Escaped the Abyss
   274 | D:1      | Reached skill level 3 in Invocations
   482 | D:1      | Reached * piety under Lugonu
   496 | D:1      | Gained mutation: You are partially covered in slimy green
                  | scales. (AC +2) [demonic ancestry]
   496 | D:1      | Reached XP level 2. HP: 22/24 MP: 4/4
   988 | D:1      | Found a faded altar of an unknown god.
  1277 | D:2      | Reached skill level 4 in Invocations
  1280 | D:2      | HP: 1/24 [poisoned by an adder]
  1576 | D:2      | Reached XP level 3. HP: 27/29 MP: 6/6
  2285 | D:2      | Reached XP level 4. HP: 22/35 MP: 7/7
  2618 | D:2      | Found Soirroca's Antique Weapon Shoppe.
  2765 | D:3      | Reached skill level 5 in Invocations
  2869 | D:3      | Noticed Grinder
  2877 | D:3      | Paralysed by Grinder for 3 turns
  3196 | D:3      | Killed from afar by Grinder

Illustrated notes

Levels and vault maps discovered:
D:1:      heliophobic_arrival_enchanted_forest, layout_basic,
          ebering_ecumenical_altar_hall, serial_glass, glass_columns_b,
          glass_columns_b
D:2:      minmay_chambers_of_ones, layout_loops_ring, serial_shops,
          nicolae_shop_overgrown_old_shop
D:3:      layout_basic, uniq_grinder

Skill      XL: |  1  2  3  4 |
---------------+-------------+-----
Invocations    | 3 4 5 |  5.1
Maces & Flails | 2 |  2.7
Fighting       | |  3.0
Armour         | |  1.7
Dodging        | |  0.8

Action                   |  1- 3 |  4- 6 || total
-------------------------+-------+-------++-------
Melee: Mace              |   105 |    31 ||   136
Invok: Depart the Abyss  |     1 |       ||     1
  Use: Potion            |       |     2 ||     2
       Scroll            |       |     1 ||     1
Armor: Leather armour    |    44 |    20 ||    64
Dodge: Dodged            |    68 |    21 ||    89

Table legend: (Time is in decaauts)
 A = Elapsed time spent in this place.
 B = Non-inter-level travel time spent in this place.
 C = Inter-level travel time spent in this place.
 D = Time resting spent in this place.
 E = Time spent auto-exploring this place.
 F = Levels seen in this place.
 G = Mean time per level.
                   A        B        C        D        E       F      G
               +--------+--------+--------+--------+--------+-----+--------+
         Total |   3222 |   3156 |     66 |   1161 |   1541 |   4 |  805.5 |
       Dungeon |   3177 |   3111 |     66 |   1161 |   1511 |   3 | 1059.0 |
         Abyss |     45 |     45 |      0 |      0 |     30 |   1 |   45.0 |
               +--------+--------+--------+--------+--------+-----+--------+

Top non-repeatable levels by time:
     D:2: 1786 daAuts
     D:1: 1191 daAuts
     D:3: 200 daAuts
 Abyss:1: 45 daAuts
